AoeStats
← [CL] Al3jandr0.magn00

Arabia

506138747Analyzed
1v1 RM · 19d ago on Sep 12, 2026· 23m 52s· 2 players
Game mode
Random Map
Map size
Tiny (2 player)
Population
200
Speed
Normal
Resources
Standard
Victory
Conquest
Starting age
Dark Age
Ending age
Imperial Age
RankedLock teamsTeams togetherTeam positionsShared explorationLock speedFull tech treeHidden civsTurbo modeCheats
Victory
Defeat
🇻🇳 Huns · Vietnam
1818
+19
🇦🇷 Cumans · Argentina
1880
-19
lesuanhuy
6:32 Loom
8:52 Feudal Age
9:36 Double-Bit Axe
12:28 Horse Collar
16:24 Fletching
17:06 Padded Archer Armor
19:31 Wheelbarrow
23:37 Castle Age
21:28 Gold Mining
23:50 Elite Skirmisher
24:26 Bodkin Arrow
[CL] Al3jandr0.magn00
6:07 Loom
9:21 Feudal Age
10:00 Double-Bit Axe
18:20 Fletching
21:42 Wheelbarrow
23:25 Scale Barding Armor
Connection lost

Rejoining the realm…

Still unreachable

The connection could not be restored.

Session expired

The server has moved on; the page needs a fresh start.